 Dungeon Crawl Stone Soup version 0.25.0-3-gd7cc5688da (webtiles) character file.

Game seed: 1829487599753202047

847661 Dirian the Swordmaster (level 27, -3/273 HPs)
             Began as a Minotaur Fighter on June 14, 2020.
             Was a High Priest of Jiyva.
             Killed by divine providence
             ... invoked by a balrug
             ... summoned by a lich
              (9 damage)
             ... on level 1 of the Tomb of the Ancients on June 15, 2020.
             The game lasted 03:32:46 (74841 turns).

Dirian the Swordmaster (Minotaur Fighter)          Turns: 74841, Time: 03:32:46

Health: -3/273     AC: 42    Str: 32    XL:     27
Magic:  38/38      EV: 18    Int: 10    God:    Jiyva [*****.]
Gold:   6770       SH: 30    Dex: 15    Spells: 26/26 levels left

rFire    + + +     SeeInvis +   G - +6 demon blade (elec)
rCold    + + +     Gourm    .   b - +2 tower shield {rC+}
rNeg     + + +     Faith    .   k - +4 gold dragon scales
rPois    +         Spirit   .   l - +0 mask of the Dragon {MR+ Slay+3 SInv}
rElec    +         Reflect  .   K - +4 dragonskin cloak
rCorr    +         Harm     .   Q - +0 pair of fencer's gloves {Riposte Dex+3}
MR       +++++                  D - +0 pair of boots of Insatiable Hunger {MR+ Dex+7}
Stlth    ..........             Z - amulet "Jur Reto" {rF++ Regen+ Int-4}
HPRegen  0.95/turn              U - ring of Diarigol {rElec rN+ MR+ Stlth-}
MPRegen  0.26/turn              F - ring "Wotsoiph" {rF+ rN+ Int+2}

@: hasted and slowed
A: retaliatory headbutt, horns 2, repulsion field 1, camouflage 1, fire
resistance 1, shaggy fur 1, evolution 1
0: Orb of Zot
}: 5/15 runes: decaying, serpentine, slimy, silver, abyssal
a: Request Jelly, Slimify, Cure Bad Mutation, Renounce Religion


You were on level 1 of the Tomb of the Ancients.
You worshipped Jiyva.
Jiyva was extremely pleased with you.
You were full.

You visited 12 branches of the dungeon, and saw 58 of its levels.
You visited the Abyss 2 times.
You visited 1 bazaar.
You also visited: Wizlab.

You collected 10836 gold pieces.
You spent 4066 gold pieces at shops.

Inventory:

Hand Weapons
 G - a +6 demon blade of electrocution (weapon)
Armour
 b - a +2 tower shield of cold resistance (worn)
 k - +4 gold dragon scales (worn)
 l - the +0 mask of the Dragon (worn) {MR+ Slay+3 SInv}
   (You acquired it on level 4 of the Vaults)

   It affects your accuracy and damage with ranged weapons and melee attacks
   (+3).
   It affects your resistance to hostile enchantments.
   It lets you see invisible.
 u - the +1 pair of gloves of Death's Door {+Blink rElec rC++ Int-5}
   (You found it on level 5 of the Vaults)

   It affects your intelligence (-5).
   It greatly protects you from cold.
   It insulates you from electricity.
   It lets you blink.
 D - the +0 pair of boots of Insatiable Hunger (worn) {MR+ Dex+7}
   (You bought it in a shop on level 2 of the Orcish Mines)

   It affects your dexterity (+7).
   It affects your resistance to hostile enchantments.
 K - the +4 dragonskin cloak (worn)
   (You took it off Tiamat on level 4 of the Realm of Zot)
 O - a scarf of resistance
 Q - the +0 pair of fencer's gloves (worn) {Riposte Dex+3}
   (You found it on level 1 of the Crypt)

   It affects your dexterity (+3).
 V - the +3 pair of gauntlets of War {Slay+5}
   (You found it on level 6 of the Lair of Beasts)

   It affects your accuracy and damage with ranged weapons and melee attacks
   (+5).
Jewellery
 i - the ring "Zisiog" {+Blink Int+6}
   (You found it on level 4 of the Swamp)

   [ring of intelligence]

   It affects your intelligence (+6).
   It lets you blink.
 C - the ring of Aturuqye {+Fly rElec rN+ Int+3}
   (You found it on level 3 of the Crypt)

   [ring of positive energy]

   It affects your intelligence (+3).
   It insulates you from electricity.
   It protects you from negative energy.
   It lets you fly.
 F - the ring "Wotsoiph" (right hand) {rF+ rN+ Int+2}
   (You found it on level 3 of the Crypt)

   [ring of positive energy]

   It affects your intelligence (+2).
   It protects you from fire.
   It protects you from negative energy.
 U - the ring of Diarigol (left hand) {rElec rN+ MR+ Stlth-}
   (You found it on level 2 of the Swamp)

   [ring of attention]

   It insulates you from electricity.
   It protects you from negative energy.
   It affects your resistance to hostile enchantments.
   It makes you less stealthy.
 W - an uncursed amulet of reflection
 Y - the amulet "Tibbewk" {Faith rC+ Str+3}
   (You found it on level 3 of the Crypt)

   [amulet of faith]

   It allows you to gain divine favour quickly.
   It affects your strength (+3).
   It protects you from cold.
 Z - the amulet "Jur Reto" (around neck) {rF++ Regen+ Int-4}
   (You found it on level 3 of the Crypt)

   [amulet of regeneration]

   It affects your intelligence (-4).
   It greatly protects you from fire.
   It increases your rate of regeneration.
Wands
 v - a wand of digging (11)
 B - a wand of flame (45)
 I - a wand of enslavement (8)
 L - a wand of paralysis (17)
 M - a wand of polymorph (41)
 N - a wand of iceblast (22)
 P - a wand of clouds (11)
 T - a wand of acid (18)
Scrolls
 j - 11 scrolls of immolation
 o - 2 scrolls of summoning
 p - 2 scrolls of magic mapping
 r - 25 scrolls of identify
 t - 6 scrolls of teleportation
 x - 23 scrolls of remove curse
 y - 4 scrolls of silence
 z - a scroll of blinking
 J - a scroll of brand weapon
Potions
 a - a potion of ambrosia
 c - 6 potions of magic
 d - 4 potions of might
 g - 5 potions of cancellation
 h - 2 potions of haste
 m - 4 potions of berserk rage
 n - 5 potions of resistance
 q - 12 potions of curing
Comestibles
 e - 73 rations


   Skills:
 O Level 27 Fighting
 O Level 27 Long Blades
 O Level 27 Armour
 * Level 14.8 Dodging
 O Level 27 Shields
 - Level 24.0 Evocations


You had 26 spell levels left.
You didn't know any spells.
Your spell library contained the following spells:

 Spells                   Type           Power        Failure   Level  Hunger
 Animate Skeleton         Necr           N/A          87%         1    ##.....
 Apportation              Tloc           #.....       87%         1    ##.....
 Beastly Appendage        Tmut           #.....       87%         1    ##.....
 Corona                   Hex            #......      87%         1    ##.....
 Foxfire                  Conj/Fire      #...         87%         1    ##.....
 Freeze                   Ice            #...         87%         1    ##.....
 Infusion                 Chrm           #...         87%         1    ##.....
 Magic Dart               Conj           #...         87%         1    ##.....
 Sandblast                Erth           #.....       87%         1    ##.....
 Sting                    Tmut/Pois      #...         87%         1    ##.....
 Summon Butterflies       Summ           #.......     87%         1    ##.....
 Summon Small Mammal      Summ           #...         87%         1    ##.....
 Call Imp                 Summ           #.......     95%         2    ###....
 Corpse Rot               Necr/Air       N/A          95%         2    ###....
 Ensorcelled Hibernation  Hex/Ice        #.....       95%         2    ###....
 Passwall                 Tmut/Erth      #.......     95%         2    ###....
 Poisonous Vapours        Pois/Air       #.....       95%         2    ###....
 Searing Ray              Conj           #.....       95%         2    ###....
 Sticks to Snakes         Tmut           #.......     95%         2    ###....
 Sublimation of Blood     Necr           #.........   95%         2    ###....
 Call Canine Familiar     Summ           #.......     99%         3    ####...
 Confusing Touch          Hex            #.......     99%         3    ####...
 Conjure Flame            Conj/Fire      #.......     99%         3    ####...
 Dazzling Flash           Conj/Hex       #.....       99%         3    ####...
 Gell's Gravitas          Tloc           #.........   99%         3    ####...
 Ignite Poison            Fire/Tmut/Pois #.......     99%         3    ####...
 Inner Flame              Hex/Fire       #.......     99%         3    ####...
 Lesser Beckoning         Tloc           #.........   99%         3    ####...
 Mephitic Cloud           Conj/Pois/Air  #.......     99%         3    ####...
 Portal Projectile        Hex/Tloc       #.....       99%         3    ####...
 Recall                   Summ/Tloc      N/A          99%         3    ####...
 Spider Form              Tmut/Pois      #.........   99%         3    ####...
 Stone Arrow              Conj/Erth      #.....       99%         3    ####...
 Summon Guardian Golem    Hex/Summ       #.......     99%         3    ####...
 Tukima's Dance           Hex            #.......     99%         3    ####...
 Airstrike                Air            #.........   100%        4    #####..
 Animate Dead             Necr           N/A          100%        4    #####..
 Fulminant Prism          Conj/Hex       #.........   100%        4    #####..
 Ice Form                 Ice/Tmut       #.......     100%        4    #####..
 Iskenderun's Mystic Bla  Conj/Tloc      #.......     100%        4    #####..
 Leda's Liquefaction      Hex/Erth       #.........   100%        4    #####..
 Olgreb's Toxic Radiance  Pois           #.......     100%        4    #####..
 Petrify                  Tmut/Erth      #.......     100%        4    #####..
 Sticky Flame             Conj/Fire      #.......     100%        4    #####..
 Summon Ice Beast         Ice/Summ       #.......     100%        4    #####..
 Summon Lightning Spire   Summ/Air       #.......     100%        4    #####..
 Alistair's Intoxication  Tmut/Pois      #.......     100%        5    ######.
 Blade Hands              Tmut           #.........   100%        5    ######.
 Bolt of Magma            Conj/Fire/Erth #.........   100%        5    ######.
 Fireball                 Conj/Fire      #.........   100%        5    ######.
 Irradiate                Conj/Tmut      #.........   100%        5    ######.
 Iskenderun's Battlesphe  Conj/Chrm      #.......     100%        5    ######.
 Lee's Rapid Deconstruct  Erth           #.........   100%        5    ######.
 Metabolic Englaciation   Hex/Ice        #.........   100%        5    ######.
 Summon Demon             Summ           #.........   100%        5    ######.
 Summon Forest            Summ/Tloc      #.........   100%        5    ######.
 Yara's Violent Unravell  Hex/Tmut       #.........   100%        5    ######.
 Eringya's Noxious Bog    Tmut/Pois      #.........   100%        6    #######
 Freezing Cloud           Conj/Ice/Air   #.........   100%        6    #######
 Hydra Form               Tmut           #.........   100%        6    #######
 Invisibility             Hex            #.......     100%        6    #######
 Iron Shot                Conj/Erth      #.........   100%        6    #######
 Ozocubu's Refrigeration  Ice            #.........   100%        6    #######
 Shadow Creatures         Summ           N/A          100%        6    #######
 Simulacrum               Ice/Necr       #.........   100%        6    #######
 Starburst                Conj/Fire      #.........   100%        6    #######
 Statue Form              Tmut/Erth      #........    100%        6    #######
 Dragon Form              Tmut           #.........   100%        7    #######
 Haunt                    Necr/Summ      #.........   100%        7    #######
 Malign Gateway           Summ/Tloc      #.........   100%        7    #######
 Monstrous Menagerie      Summ           #.........   100%        7    #######
 Orb of Destruction       Conj           #.........   100%        7    #######
 Ring of Flames           Chrm/Fire      #.........   100%        7    #######
 Spellforged Servitor     Conj/Summ      #.........   100%        7    #######
 Summon Greater Demon     Summ           #.........   100%        7    #######
 Summon Hydra             Summ           #.........   100%        7    #######
 Borgnjor's Revivificati  Necr           #.........   100%        8    #######
 Death's Door             Chrm/Necr      #.........   100%        8    #######
 Ignition                 Fire           #.........   100%        8    #######
 Infestation              Necr           #.........   100%        8    #######
 Necromutation            Tmut/Necr      #.........   100%        8    #######
 Summon Horrible Things   Summ           #.........   100%        8    #######
 Dragon's Call            Summ           #.........   100%        9    #######
 Shatter                  Erth           #.........   100%        9    #######


Dungeon Overview and Level Annotations

Branches:
Dungeon (15/15)            Temple (0/1) D:6            Lair (6/6) D:10
  Swamp (4/4) Lair:4        Snake (4/4) Lair:3        Slime (5/5) Lair:6
    Orc (2/2) D:12            Elf (3/3) Orc:2        Vaults (5/5) D:13
  Crypt (3/3) Vaults:3       Tomb (1/3) Crypt:3      Depths (5/5) D:15
    Zot (5/5) Depths:5     WizLab (visited)

Altars:
Gozag
Kikubaaqudgha
Sif Muna
Yredelemnul
Zin
Beogh
Jiyva

Shops:
D:5 =   D:7 !   D:10 **:=!   D:14 [   Orc:2 [([(%   Elf:2 *   Vaults:2 %
Vaults:5 (   Depths:1 *   Depths:5 =}}

Portals:
Hell: Depths:1 Depths:2 Depths:3 Depths:4 Depths:5
Abyss: Depths:2 Depths:4
Pandemonium: Depths:3
Ziggurat: Depths:1

Annotations:
Slime:5 Royal Jelly
Depths:4 exclusion: 2 upstairs
Depths:5 exclusion: 2 upstairs
Zot:3 exclusion: 2 downstairs
Zot:4 exclusion: 2 upstairs


Innate Abilities, Weirdness & Mutations

You reflexively headbutt those who attack you in melee.
You have a pair of horns on your head.
You are surrounded by a mild repulsion field. (EV +2)
Your skin changes colour to match your surroundings (Stealth+).
Your flesh is heat resistant. (rF+)
You are covered in fur. (AC +1)
You evolve.


Message History

As you read the scroll of blinking, it crumbles to dust.
You are engulfed in spectral mist.
The revenant conjures spectral mists around you.
The spectral mist engulfs the spectral catoblepas but does no damage.
The chaos spawn is engulfed in spectral mist.
You block the death scarab's attack.
The chaos spawn is engulfed in spectral mist.
A guardian mummy comes into view.
You block the death scarab's attack. You block the death scarab's attack.
The chaos spawn is engulfed in spectral mist.
The balrug is engulfed in spectral mist.
You block the death scarab's attack. The death scarab bites you!
* * * LOW HITPOINT WARNING * * *
The death scarab drains your vigour!
You feel yourself slow down.
The death scarab draws strength from your injuries!
The balrug gestures at you. Something smites you!
You die...

#.........
#..........
#...........
#......M....
#.........#
#.........#########
#.........##.......
#.@.......##.....^.
#.ss24LM..##..#####
#....☼°○.Z##..#....
#...Z.LZ○.##..#....
#...Z°1☼☼.##..#..##
#....ZZ2M○##..#..#>
#.....M☼..##..#..##
#...4.°Z°Z##..#..##
#...Z°.2..##..#....


You could see a greater mummy, a Hell Sentinel, a revenant, a lich, a balrug
(summoned), a blizzard demon, a hellwing, a guardian mummy, a spectral
catoblepas (summoned), a spectral spiny frog (summoned), a spectral ice dragon
(summoned), a spectral shadow dragon (summoned), a spectral wolf spider
(summoned), a spectral emperor scorpion (summoned), a spectral snapping turtle
(summoned), a spectral stone giant (summoned), a chaos spawn, 2 death scarabs
and 2 mummies.

Vanquished Creatures
  Tiamat (Zot:4)
  Khufu (Crypt:3)
  4 orbs of fire
  Mennas (Vaults:3)
  Mara (Vaults:3)
  11 ancient liches
  The ghost of Tang the Slayer, a master DsGl of Makhleb (Vaults:3)
  The ghost of dolemite99 the Warrior, a veteran DrFE of Okawaru (Vaults:3)
  Sojobo (Vaults:3)
  11 greater mummies
  4 Killer Klowns
  Margery (Crypt:3)
  Bai Suzhen (Swamp:3)
  2 curse toes
  15 golden dragons
  2 caustic shrikes
  Saint Roka (Depths:5)
  Xtahua (Crypt:1)
  The ghost of Dataggej the Executioner, an adept MiBe of Trog (Elf:1)
  Jory (Depths:3)
  A bone dragon (Abyss:4)
  6 pandemonium lords
  2 Brimstone Fiends
  3 electric golems
  2 Tzitzimimeh
  The ghost of Muvus the Executioner, an adept DsFi of Uskayaw (Vaults:3)
  2 Hell Sentinels
  Jorgrun (D:12)
  11 liches
  2 hellephants
  A shard shrike skeleton (Crypt:1)
  17 tentacled monstrosities
  37 Orb Guardians
  2 deep elf master archers (Elf:3)
  5 quicksilver dragons
  2 titans (Vaults:5)
  11 tentacled starspawn
  2 deep elf blademasters (Elf:3)
  6 sphinxes
  4 thorn hunters
  6 Executioners
  9 death cobs
  3 ancient champions
  The ghost of Zenkrye the Severer, an adept HOFi of Beogh (Swamp:4)
  The ghost of Zenkrye the Severer, an adept HOFi of Beogh (Swamp:4)
  The ghost of Zenkrye the Severer, an adept HOFi of Beogh (Swamp:1)
  The ghost of xccam the Severer, an adept MiBe of Trog (Swamp:1)
  11 tengu reavers
  14 shadow dragons
  15 storm dragons
  11 nagarajas
  4 revenants (Crypt:3)
  12 draconian monks
  11 vault wardens
  14 frost giants
  8 draconian knights
  3 fire giants
  2 iron dragons
  Aizul (Snake:2)
  8 draconian scorchers
  2 balrugs
  5 cacodemons
  A caustic shrike zombie (Depths:4)
  9 deep elf sorcerers
  9 deep elf elementalists
  8 draconian shifters
  24 ironheart preservers
  9 draconian annihilators
  3 curse skulls
  2 reapers
  2 blood saints
  A war gargoyle (Vaults:5)
  6 spriggan defenders
  17 very ugly things
  2 bennus (Tomb:1)
  A caustic shrike skeleton (Crypt:2)
  8 ghouls
  10 draconian stormcallers
  32 stone giants
  10 deep elf demonologists
  6 vampire knights
  13 black draconians
  An entropy weaver (Vaults:3)
  12 dire elephants (Depths:4)
  9 green draconians
  4 lorocyprocas
  A black sun (Tomb:1)
  12 red draconians
  18 yellow draconians
  13 deep elf annihilators
  12 white draconians
  11 spark wasps
  13 purple draconians
  Snorg (D:10)
  11 eidola
  2 blizzard demons
  2 green deaths
  8 ettins
  A quicksilver dragon zombie (Crypt:1)
  14 deep elf death magi
  2 mummy priests (WizLab)
  19 ogre magi
  A merfolk impaler (Depths:3)
  14 fire dragons
  2 merfolk javelineers
  A crystal guardian (Vaults:3)
  A jiangshi (Crypt:3)
  9 deep elf high priests
  Harold (Lair:1)
  19 yaktaur captains
  30 vault guards
  3 shambling mangroves
  A quicksilver dragon skeleton (Crypt:1)
  22 hydras
  A hell beast (Vaults:1)
  13 naga warriors
  6 centaur warriors
  5 spriggan air magi
  13 ice dragons
  2 monstrous demonspawn
  13 rakshasas
  3 ghost crabs
  13 alligators
  38 two-headed ogres
  6 death knights
  2 tengu warriors
  5 anacondas
  13 deep troll shamans
  26 dancing weapons
  4 merfolk avatars (Swamp:3)
  8 deep troll earth magi
  6 vampire magi
  11 death yaks (Lair:6)
  12 naga sharpshooters
  9 thrashing horrors (Abyss:4)
  The ghost of Yolobob the Grappler, a novice TrMo of Ru (D:8)
  5 shock serpents
  3 sun demons
  7 wretched stars
  29 deep elf knights
  11 spriggan berserkers
  5 soul eaters
  2 orc high priests
  Sonja (Lair:4)
  A salamander mystic (Snake:3)
  2 titan skeletons (Crypt:1)
  A storm dragon skeleton (Crypt:1)
  23 hell knights
  36 deep trolls
  5 iron trolls
  63 skeletal warriors
  A sixfirhy (Tomb:1)
  A ghost moth zombie (Crypt:2)
  15 shadow wraiths
  3 unseen horrors
  A spark wasp zombie (Depths:4)
  12 swamp dragons
  A death drake (shapeshifter) (Depths:4)
  A spriggan druid (Swamp:2)
  A spatial maelstrom (Abyss:4)
  A golden dragon zombie (D:15)
  A sea snake (shapeshifter) (Vaults:4)
  An iron giant zombie (Crypt:2)
  23 deep elf archers
  2 gelid demonspawn
  2 torturous demonspawn
  3 shadow demons
  5 wizards
  4 flayed ghosts
  33 phantasmal warriors
  A shadow dragon zombie (Crypt:1)
  A golden dragon skeleton (Crypt:1)
  24 starcursed masses
  8 naga ritualists
  2 anaconda skeletons (Crypt:1)
  17 orc knights
  An orange crystal statue (Depths:4)
  4 harpies (Vaults:3)
  3 stone giant zombies
  7 mana vipers
  10 necromancers
  69 deep elf magi
  23 ironbrand convokers
  A spectral ettin (Crypt:3)
  46 ugly things
  A fire giant zombie (Crypt:1)
  6 orc sorcerers
  4 cyclopes
  9 elephants
  A manticore (D:15)
  5 salamanders
  3 guardian serpents
  A statue (Abyss:4)
  8 wolf spiders
  4 worldbinders (Abyss:4)
  A tengu skeleton (Depths:4)
  A guardian serpent (shapeshifter) (Abyss:3)
  An iron dragon skeleton (Depths:4)
  21 moths of wrath
  A toenail golem (D:9)
  2 fire giant skeletons (Crypt:1)
  A rust devil (Tomb:1)
  20 naga magi
  13 smoke demons
  2 apocalypse crabs
  30 black mambas
  13 vault sentinels
  Maurice (D:9)
  A gargoyle (D:13)
  4 dire elephant skeletons (Crypt:1)
  4 stone giant skeletons (Crypt:1)
  28 spiny frogs
  A shock serpent skeleton (Crypt:1)
  2 hellions
  6 orange demons
  3 efreet
  A swamp worm zombie (Crypt:3)
  4 demonic crawlers
  17 freezing wraiths
  7 komodo dragons
  A rime drake (shapeshifter) (Abyss:4)
  A tormentor (Tomb:1)
  A komodo dragon (shapeshifter) (Abyss:4)
  51 yaktaurs
  4 ancient zymes (Abyss:4)
  A kobold demonologist (D:14)
  A golden dragon simulacrum (Depths:4)
  3 hellwings
  A death drake zombie (Crypt:3)
  A spectral gelid demonspawn (Crypt:3)
  3 catoblepas skeletons
  4 red devils
  A green draconian skeleton (Crypt:1)
  6 guardian mummies
  A polar bear (Lair:6)
  2 tengu conjurers (Depths:1)
  A yaktaur skeleton (D:15)
  2 queen bees
  15 tyrant leeches
  A harpy zombie (Crypt:3)
  14 trolls
  17 hornets
  2 human simulacra
  4 slime creatures (D:13)
  9 bog bodies
  2 hydra skeletons
  A harpy skeleton (Crypt:1)
  2 raiju (shapeshifter)
  A wind drake (shapeshifter) (Depths:2)
  19 blink frogs
  A hippogriff (shapeshifter) (D:15)
  A frost giant simulacrum (Crypt:1)
  4 hippogriffs
  13 raiju (Abyss:4)
  A death drake skeleton (Crypt:1)
  A fire dragon skeleton (Crypt:1)
  3 ettin skeletons
  46 large abominations
  A deep troll skeleton (D:15)
  An ice dragon skeleton (Crypt:1)
  A stone giant simulacrum (Vaults:2)
  A spriggan skeleton (D:15)
  6 wyverns
  7 spriggans
  15 water elementals
  2 air elementals (Elf:1)
  A tarantella (shapeshifter) (Depths:2)
  3 vampires
  9 ynoxinuls
  36 flying skulls
  2 redbacks (Vaults:3)
  7 wraiths
  A fire bat (shapeshifter) (Elf:1)
  A yaktaur simulacrum (Vaults:2)
  25 vampire mosquitoes
  28 yaks
  16 shadows
  A basilisk (Lair:1)
  9 chaos spawn
  A fire elemental (Elf:1)
  6 neqoxecs (Abyss:4)
  An ushabti (Tomb:1)
  Grum (D:9)
  2 steam dragons (Lair:2)
  A redback simulacrum (D:15)
  8 hungry ghosts
  2 wargs
  A naga (shapeshifter) (Vaults:1)
  11 insubstantial wisps
  2 soldier ants
  24 swamp worms
  A spatial vortex (Abyss:4)
  29 nagas
  An acid dragon (Vaults:1)
  29 water moccasins
  A spectral snapping turtle (Crypt:3)
  A merfolk skeleton (Crypt:1)
  6 porcupines
  A hornet zombie (D:14)
  10 swamp drakes
  51 orc warriors
  2 human zombies (Vaults:4)
  A black bear (D:7)
  An eye of draining (D:13)
  5 necrophages
  4 phantoms
  An elf zombie (Vaults:4)
  43 ogres
  21 wolves
  7 boggarts
  9 crocodiles
  13 centaurs
  3 big kobolds
  30 small abominations
  29 bullfrogs
  A wyvern zombie (D:13)
  4 earth elementals
  A human skeleton (Vaults:4)
  5 scorpions
  A spectral naga (Crypt:3)
  52 killer bees
  4 howler monkeys
  7 wights
  4 electric eels (Lair:6)
  A troll skeleton (Crypt:3)
  3 bullfrog zombies
  10 crimson imps
  4 centaur zombies
  7 hounds
  25 orc priests
  9 centaur skeletons
  5 quasits
  A basilisk skeleton (Crypt:1)
  3 iron imps
  5 jellies
  3 bullfrog skeletons
  31 orc wizards
  4 worker ants
  4 iguanas
  7 hell rats (Lair:5)
  A felid zombie (Crypt:3)
  A sky beast zombie (Crypt:3)
  A hound zombie (D:9)
  2 hound skeletons
  12 mummies
  4 worker ant zombies
  4 howler monkey skeletons
  11 adders
  19 gnolls
  4 shadow imps
  2 white imps
  3 oozes (D:2)
  4 worms
  2 dart slugs
  3 leopard geckos
  89 orcs
  6 bats
  A giant cockroach (D:2)
  6 goblins
  9 hobgoblins
  12 jackals
  22 kobolds
  4 quokkas
  A dart slug zombie (Crypt:3)
  4 frilled lizards
  A frilled lizard skeleton (Crypt:2)
  A giant cockroach zombie (D:6)
  2 gnoll skeletons (Crypt:2)
  A gnoll zombie (Crypt:1)
  A jackal skeleton (D:4)
  A leopard gecko skeleton (Crypt:2)
  3 rats
  A river rat zombie (Crypt:2)
  15 briar patches
  2 crawling corpses
  A macabre mass (Abyss:4)
  6 starspawn tentacles
2962 creatures vanquished.

Vanquished Creatures (collateral kills)
  A pandemonium lord (Depths:1)
  2 greater mummies (Tomb:1)
  An Ice Fiend (D:12)
  A two-headed ogre (Vaults:5)
  A stone giant zombie (WizLab)
6 creatures vanquished.

Vanquished Creatures (others)
  An acid blob (Zot:5)
  A lich (Crypt:3)
  A storm dragon (Depths:5)
  2 tengu reavers (Vaults:3)
  A fire giant (Vaults:5)
  Louise (Swamp:4)
  3 azure jellies
  An entropy weaver (Vaults:4)
  6 great orbs of eyes
  2 death oozes (Tomb:1)
  A hell beast (Tomb:1)
  A vault guard (Vaults:5)
  A hydra (Swamp:1)
  An ice dragon (Vaults:5)
  A centaur warrior (Depths:1)
  An ogre mage (Vaults:5)
  A shock serpent (shapeshifter) (Vaults:5)
  2 deep elf knights
  3 large abominations (Abyss:4)
  A fire crab (shapeshifter) (Vaults:5)
  A shadow demon (Depths:4)
  7 glowing orange brains
  3 deep elf archers
  A spriggan druid (Swamp:3)
  An ironbrand convoker (Vaults:5)
  A wolf spider (shapeshifter) (Vaults:5)
  6 deep elf magi
  A stone giant zombie (WizLab)
  3 eyes of devastation (shapeshifter)
  2 shining eyes (Abyss:4)
  A moth of wrath (shapeshifter) (Vaults:5)
  An eye of devastation (Abyss:4)
  3 naga magi (Snake:4)
  A black mamba (Snake:2)
  A vault sentinel (Vaults:2)
  3 yaktaurs
  A tyrant leech (Swamp:3)
  29 slime creatures
  2 flying skulls (Abyss:4)
  3 water elementals
  2 redbacks
  A neqoxec (Abyss:4)
  2 golden eyes (shapeshifter)
  4 floating eyes (Depths:3)
  13 golden eyes
  3 insubstantial wisps
  4 nagas
  3 wargs
  A floating eye (shapeshifter) (Vaults:5)
  5 orc warriors (Orc:2)
  9 eyes of draining
  2 black bears (shapeshifter)
  A swamp drake (Swamp:4)
  3 ogres
  A centaur (Vaults:3)
  A boggart (Vaults:3)
  A gnoll sergeant (Orc:1)
  A scorpion (shapeshifter) (Vaults:5)
  2 killer bees
  618 jellies
  8 orc priests
  5 orc wizards
  7 small abominations
  A mummy (Tomb:1)
  25 orcs
  A bat zombie (Crypt:3)
  2 crawling corpses
  46 fungi
  2 macabre masses (Abyss:4)
  40 plants
  21 starspawn tentacles
938 creatures vanquished.

Grand Total: 3906 creatures vanquished

Notes
Turn   | Place    | Note
-------+----------+-------------------------------------------
     0 | D:1      | Dirian the Minotaur Fighter began the quest for the Orb.
     0 | D:1      | Reached XP level 1. HP: 19/19 MP: 0/0
   341 | D:1      | Reached XP level 2. HP: 27/27 MP: 1/1
   877 | D:2      | Reached XP level 3. HP: 32/33 MP: 2/2
  1015 | D:2      | Reached XP level 4. HP: 39/40 MP: 3/3
  1940 | D:3      | Reached XP level 5. HP: 46/47 MP: 4/4
  2326 | D:4      | Found the +7 Kryia's mail coat {PotionHeal*2 rC+}
  2370 | D:4      | Reached skill level 5 in Long Blades
  2398 | D:4      | Reached XP level 6. HP: 50/53 MP: 5/5
  2490 | D:4      | Found an ancient bone altar of Kikubaaqudgha.
  2839 | D:5      | Entered Level 5 of the Dungeon
  3074 | D:5      | Reached skill level 5 in Armour
  3074 | D:5      | Reached skill level 5 in Shields
  3074 | D:5      | Reached XP level 7. HP: 41/60 MP: 6/6
  3386 | D:5      | Found Mocoruz's Jewellery Shop.
  3917 | D:6      | Reached skill level 5 in Fighting
  3925 | D:6      | Got a faintly glowing kite shield
  3937 | D:6      | Identified the +1 kite shield of Qeug {rF+} (You found it
                  | on level 6 of the Dungeon)
  3987 | D:6      | Reached XP level 8. HP: 61/68 MP: 7/7
  4098 | D:6      | Found a staircase to the Ecumenical Temple.
  4896 | D:7      | Reached skill level 10 in Long Blades
  5535 | D:7      | Found Husyrial's Distillery.
  5538 | D:7      | Bought a potion of heal wounds for 65 gold pieces
  5538 | D:7      | Bought 2 potions of heal wounds for 130 gold pieces
  5538 | D:7      | Bought a potion of curing for 39 gold pieces
  5538 | D:7      | Bought a potion of might for 52 gold pieces
  5538 | D:7      | Bought a potion of might for 52 gold pieces
  5912 | D:8      | Reached XP level 9. HP: 58/75 MP: 8/8
  6060 | D:8      | Noticed a two-headed ogre
  6067 | D:8      | Killed a two-headed ogre
  6140 | D:8      | Found a large runed translucent door.
  6140 | D:8      | Found a large runed translucent door.
  6143 | D:8      | Noticed Yolobob's ghost (novice TrMo)
  6924 | D:8      | Killed Yolobob's ghost
  7059 | D:9      | Noticed a two-headed ogre
  7064 | D:9      | Killed a two-headed ogre
  7064 | D:9      | Reached XP level 10. HP: 80/86 MP: 9/9
  7100 | D:9      | Noticed Maurice
  7113 | D:9      | Killed Maurice
  7307 | D:9      | Noticed a two-headed ogre
  7327 | D:9      | Killed a two-headed ogre
  7496 | D:9      | Noticed Grum
  7523 | D:9      | Killed Grum
  7744 | D:10     | Entered Level 10 of the Dungeon
  7844 | D:10     | Found Lierph's Assorted Antiques.
  8142 | D:10     | Reached XP level 11. HP: 82/95 MP: 10/10
  8196 | D:10     | Found Seineluv's Assorted Antiques.
  8219 | D:10     | Found a staircase to the Lair.
  8240 | D:10     | Noticed Snorg
  8249 | D:10     | Killed Snorg
  8401 | D:10     | Found Omuf's Jewellery Shop.
  8442 | D:10     | Found Xoereakh's Distillery.
  8472 | D:10     | Found Moaplam's Book Shop.
  8545 | D:10     | Noticed a two-headed ogre
  8549 | D:10     | Killed a two-headed ogre
  8903 | D:11     | Reached skill level 15 in Long Blades
  9246 | D:11     | Noticed a two-headed ogre
  9253 | D:11     | Killed a two-headed ogre
  9630 | D:11     | Noticed a brown ugly thing
  9635 | D:11     | Killed a brown ugly thing
 10168 | D:10     | Bought the ring "Seeden" {Int+2 Dex+2 SInv Stlth+} for 365
                  | gold pieces
 10268 | D:12     | Noticed an unseen horror
 10278 | D:12     | Killed an unseen horror
 10294 | D:12     | Noticed a two-headed ogre
 10302 | D:12     | Killed a two-headed ogre
 10302 | D:12     | Reached skill level 10 in Armour
 10411 | D:12     | Found a staircase to the Orcish Mines.
 10590 | D:12     | Noticed a wolf spider
 10594 | D:12     | Killed a wolf spider
 10594 | D:12     | Reached skill level 10 in Fighting
 10729 | D:12     | Noticed a seven-headed hydra
 10737 | D:12     | Killed an 11-headed hydra
 10737 | D:12     | Reached skill level 10 in Shields
 10737 | D:12     | Reached XP level 12. HP: 52/106 MP: 11/11
 10966 | D:12     | Noticed Jorgrun
 10987 | D:12     | Killed Jorgrun
 11249 | D:12     | Found an ancient bone altar of Kikubaaqudgha.
 11726 | D:13     | Noticed a vault guard
 11970 | D:13     | Noticed a centaur warrior
 11978 | D:13     | Killed a centaur warrior
 12408 | D:13     | Noticed a vault guard
 12409 | D:13     | Noticed an ogre mage
 12417 | D:13     | Noticed an ogre mage
 12419 | D:13     | Killed a vault guard
 12425 | D:13     | Killed an ogre mage
 12432 | D:13     | Killed an ogre mage
 12810 | D:13     | Killed a vault guard
 12810 | D:13     | Reached XP level 13. HP: 112/118 MP: 12/12
 12877 | D:13     | Found a gate to the Vaults.
 13299 | D:14     | Found Wevvigut's Armour Shoppe.
 14283 | D:14     | Reached skill level 5 in Evocations
 14283 | D:14     | Reached XP level 14. HP: 127/127 MP: 12/17
 14284 | D:14     | Reached XP level 15. HP: 134/134 MP: 12/20
 14317 | D:15     | Entered Level 15 of the Dungeon
 14695 | D:15     | Found a staircase to the Depths.
 15846 | D:10     | Bought a scroll labeled ENEP SODGHOF for 30 gold pieces
 16029 | D:5      | Bought an uncursed amulet of regeneration for 330 gold
                  | pieces
 16188 | Lair:1   | Entered Level 1 of the Lair of Beasts
 16554 | Lair:1   | Reached XP level 16. HP: 144/144 MP: 21/21
 16647 | Lair:1   | Noticed Harold
 16658 | Lair:1   | Killed Harold
 17137 | Lair:2   | You fall into a shaft and drop 2 floors!
 17202 | Lair:4   | Noticed Sonja
 17451 | Lair:3   | Found a staircase to the Snake Pit.
 19088 | Lair:4   | Killed Sonja
 20252 | Lair:4   | Found a staircase to the Swamp.
 21517 | Lair:6   | Entered Level 6 of the Lair of Beasts
 22434 | Lair:6   | Found a viscous altar of Jiyva.
 22435 | Lair:6   | Found a staircase to the Slime Pits.
 22799 | Lair:6   | Found the +3 pair of gauntlets of War {Slay+5}
 23276 | D:5      | Bought an uncursed amulet of reflection for 330 gold pieces
 23593 | Lair:6   | Became a worshipper of Jiyva Jumow the Shapeless
 23821 | Orc:1    | Entered Level 1 of the Orcish Mines
 23997 | D:10     | Reached * piety under Jiyva
 24014 | Orc:1    | Reached ** piety under Jiyva
 24185 | Orc:1    | Reached *** piety under Jiyva
 24471 | Orc:2    | Entered Level 2 of the Orcish Mines
 24506 | Orc:2    | Found Nuud's Antique Armour Shop.
 24543 | Orc:2    | Found a staircase to the Elven Halls.
 24595 | Orc:2    | Found a roughly hewn altar of Beogh.
 24617 | Orc:2    | Found a roughly hewn altar of Beogh.
 24633 | Orc:2    | Found Pablodgho's Weapon Emporium.
 24678 | Orc:2    | Reached **** piety under Jiyva
 24678 | Orc:2    | Gained mutation: You are covered in slimy tendrils that may
                  | disarm your opponents. [Jiyva's grace]
 24714 | Orc:2    | Found a roughly hewn altar of Beogh.
 24745 | Orc:2    | Found Jerphadi's Food Emporium.
 24786 | Orc:2    | Gained mutation: You have a small jelly attached to you
                  | that may absorb incoming projectiles. [Jiyva's grace]
 24816 | Orc:2    | Found a roughly hewn altar of Beogh.
 24829 | Orc:2    | Reached ***** piety under Jiyva
 24889 | Orc:2    | Reached XP level 17. HP: 148/154 MP: 22/22
 24892 | Orc:2    | Reached skill level 15 in Fighting
 24929 | Orc:2    | Lost mutation: You are covered in slimy tendrils that may
                  | disarm your opponents. [Jiyva's grace]
 25003 | Orc:2    | Gained mutation: You expend magic power (3 MP) to
                  | strengthen your wands. [Jiyva's grace]
 25033 | Orc:2    | Gained mutation: You are weak. (Str -2) [Jiyva's grace]
 25040 | Orc:2    | Reached ****** piety under Jiyva
 25047 | Orc:2    | Lost mutation: You are weak. (Str -2) [Jiyva's grace]
 25059 | Orc:2    | Found a roughly hewn altar of Beogh.
 25059 | Orc:2    | Found Rasueg's Antique Armour Shoppe.
 25060 | Orc:2    | Found Kuare's Antique Weapon Emporium.
 25112 | Orc:2    | Lost mutation: You have a small jelly attached to you that
                  | may absorb incoming projectiles. [Jiyva's grace]
 25125 | Orc:2    | Gained mutation: Armour fits poorly on your pseudopods.
                  | [Jiyva's grace]
 25381 | Orc:2    | Found a roughly hewn altar of Beogh.
 25462 | Orc:2    | Reached skill level 15 in Shields
 25624 | Orc:2    | Found a roughly hewn altar of Beogh.
 25719 | Orc:2    | Bought a pair of brightly glowing boots for 247 gold pieces
 25719 | Orc:2    | Bought a glowing kite shield for 195 gold pieces
 25729 | Orc:2    | Identified the cursed +0 pair of boots of Insatiable Hunger
                  | {MR+ Dex+7} (You bought it in a shop on level 2 of the
                  | Orcish Mines)
 25740 | Orc:2    | Lost mutation: Armour fits poorly on your pseudopods.
                  | [potion of mutation]
 25740 | Orc:2    | Lost mutation: You expend magic power (3 MP) to strengthen
                  | your wands. [potion of mutation]
 25740 | Orc:2    | Gained mutation: You are resistant to hostile enchantments.
                  | (MR+) [potion of mutation]
 25740 | Orc:2    | Gained mutation: Your magical capacity is low. (-10% MP)
                  | [potion of mutation]
 25740 | Orc:2    | Gained mutation: Your muscles are strong. (Str +2) [potion
                  | of mutation]
 25741 | Orc:2    | Lost mutation: Your magical capacity is low. (-10% MP)
                  | [potion of mutation]
 25741 | Orc:2    | Gained mutation: You are agile. (Dex +2) [potion of
                  | mutation]
 25741 | Orc:2    | Gained mutation: You are partially covered in thin metallic
                  | scales. (AC +2) [potion of mutation]
 25742 | Orc:2    | Lost mutation: You are agile. (Dex +2) [potion of mutation]
 25742 | Orc:2    | Lost mutation: Your muscles are strong. (Str +2) [potion of
                  | mutation]
 25742 | Orc:2    | Lost mutation: You are resistant to hostile enchantments.
                  | (MR+) [potion of mutation]
 25742 | Orc:2    | Gained mutation: Scrolls take you a little longer to read.
                  | [potion of mutation]
 25742 | Orc:2    | Gained mutation: Your flesh is heat resistant. (rF+)
                  | [potion of mutation]
 25742 | Orc:2    | Gained mutation: You evolve. [potion of mutation]
 25823 | D:12     | Gained mutation: You expend magic power (3 MP) to
                  | strengthen your wands. [Jiyva's grace]
 26040 | Slime:1  | Entered Level 1 of the Pits of Slime
 26072 | Slime:3  | Noticed an acid blob
 26072 | Slime:3  | Noticed an acid blob
 26090 | Slime:5  | Entered Level 5 of the Pits of Slime
 26095 | Slime:5  | Gained mutation: You have acidic saliva. [Jiyva's grace]
 26097 | Slime:5  | Lost mutation: You expend magic power (3 MP) to strengthen
                  | your wands. [Jiyva's grace]
 26099 | Slime:5  | Gained mutation: You are clumsy. (Dex -2) [Jiyva's grace]
 26101 | Slime:5  | Gained mutation: Your mind is acute. (Int +2) [Jiyva's
                  | grace]
 26102 | Slime:5  | Found a viscous altar of Jiyva.
 26103 | Slime:5  | Noticed an acid blob
 26103 | Slime:5  | Noticed an acid blob
 26103 | Slime:5  | Noticed an acid blob
 26107 | Slime:5  | Identified The Almanac of Greatest Risks and Utility
 26115 | Slime:5  | Noticed the Royal Jelly
 26116 | Slime:5  | Noticed an acid blob
 26122 | Slime:5  | Noticed an acid blob
 26127 | Slime:5  | Got a slimy rune of Zot
 26149 | Slime:5  | Gained mutation: You possess an exceptional clarity of
                  | mind. [evolution]
 26263 | Slime:4  | Noticed an acid blob
 26434 | Slime:5  | Noticed an acid blob
 26440 | Slime:5  | Noticed an acid blob
 26547 | D:7      | Gained mutation: You are partially covered in yellow
                  | scales. (AC +2) [Jiyva's grace]
 26644 | Slime:4  | Noticed an acid blob
 26702 | Slime:3  | Noticed an acid blob
 26702 | Slime:3  | Noticed an acid blob
 26718 | Slime:3  | Noticed an acid blob
 26789 | Slime:3  | Noticed an acid blob
 26869 | Slime:2  | Noticed an acid blob
 26871 | Slime:2  | Noticed an acid blob
 26871 | Slime:2  | Noticed an acid blob
 26877 | Slime:2  | Noticed an acid blob
 26998 | Slime:3  | Noticed an acid blob
 27332 | Snake:1  | Entered Level 1 of the Snake Pit
 27477 | Snake:1  | Lost mutation: You are partially covered in thin metallic
                  | scales. (AC +2) [Jiyva's grace]
 27500 | Snake:1  | Gained mutation: You are covered in slimy tendrils that may
                  | disarm your opponents. [Jiyva's grace]
 28053 | Snake:2  | Gained mutation: Your translucent skin slightly reduces
                  | your foes' accuracy. (Stealth) [Jiyva's grace]
 28081 | Snake:2  | Lost mutation: You are covered in slimy tendrils that may
                  | disarm your opponents. [Jiyva's grace]
 28126 | Snake:2  | Noticed Aizul
 28162 | Snake:2  | Gained mutation: You have an increased reservoir of magic.
                  | (+10% MP) [Jiyva's grace]
 28312 | Snake:2  | Lost mutation: You are partially covered in yellow scales.
                  | (AC +2) [Jiyva's grace]
 28349 | Snake:2  | Killed Aizul
 28433 | Snake:2  | Lost mutation: Scrolls take you a little longer to read.
                  | [Jiyva's grace]
 28661 | Snake:3  | Reached skill level 10 in Evocations
 28710 | Snake:3  | Found a shimmering blue altar of Sif Muna.
 28813 | Snake:3  | Lost mutation: Your mind is acute. (Int +2) [Jiyva's grace]
 28953 | Snake:3  | Found a flickering gateway to a bazaar.
 28958 | Bazaar   | Entered a bazaar
 28958 | Bazaar   | Found Jobliuph's Antique Armour Emporium.
 28965 | Bazaar   | Found Loirghoge's General Store.
 28973 | Bazaar   | Found Qiorimme's Jewellery Boutique.
 28984 | Bazaar   | Found Micogg's Distillery.
 28999 | Bazaar   | Found Lokoazxa's Antique Weapon Shop.
 29041 | Bazaar   | Bought a potion of haste for 150 gold pieces
 29041 | Bazaar   | Bought a potion of haste for 150 gold pieces
 29041 | Bazaar   | Bought a potion of curing for 45 gold pieces
 29488 | Snake:4  | Entered Level 4 of the Snake Pit
 29793 | Snake:4  | Gained mutation: You have a pair of large horns on your
                  | head. [evolution]
 30590 | Snake:4  | Gained mutation: You have very sharp teeth. [Jiyva's grace]
 30779 | Snake:4  | Gained mutation: You expend magic power (3 MP) to
                  | strengthen your wands. [Jiyva's grace]
 31006 | Snake:4  | Reached XP level 18. HP: 104/166 MP: 27/27
 31013 | Snake:4  | Gained mutation: You passively map a small area around you.
                  | [Jiyva's grace]
 31240 | Snake:4  | Gained mutation: Your body has grown golden eyes which may
                  | confuse attackers. (Acc +3) [Jiyva's grace]
 31342 | Snake:4  | Lost mutation: You have a pair of large horns on your head.
                  | [Jiyva's grace]
 31700 | Snake:4  | Gained mutation: You are resistant to hostile enchantments.
                  | (MR+) [Jiyva's grace]
 31741 | Snake:4  | Got a serpentine rune of Zot
 31943 | Swamp:1  | Entered Level 1 of the Swamp
 32193 | Swamp:1  | Lost mutation: Your translucent skin slightly reduces your
                  | foes' accuracy. (Stealth) [Jiyva's grace]
 32369 | Swamp:1  | Found a runed translucent gate.
 32369 | Swamp:1  | Found a runed translucent gate.
 32370 | Swamp:1  | Found a runed translucent gate.
 32373 | Swamp:1  | Noticed xccam's ghost (adept MiBe)
 32373 | Swamp:1  | Noticed Zenkrye's ghost (adept HOFi)
 32398 | Swamp:1  | Killed Zenkrye's ghost
 32412 | Swamp:1  | Killed xccam's ghost
 32982 | Swamp:1  | Gained mutation: Your rubbery body absorbs attacks. (AC +1,
                  | EV +1) [Jiyva's grace]
 33209 | Swamp:2  | Gained mutation: You have sharp fingernails. [Jiyva's
                  | grace]
 33423 | Swamp:2  | Gained mutation: You are frail. (-10% HP) [Jiyva's grace]
 33607 | Swamp:2  | Found a transporter.
 33651 | Swamp:2  | Found a transporter.
 33865 | Swamp:3  | Noticed Bai Suzhen
 33870 | Swamp:3  | Found an opulent altar of Gozag.
 33879 | Swamp:3  | Killed Bai Suzhen
 34150 | Swamp:3  | Lost mutation: You are clumsy. (Dex -2) [Jiyva's grace]
 34936 | Swamp:4  | Entered Level 4 of the Swamp
 34936 | Swamp:4  | Noticed Louise
 35019 | Swamp:4  | Lost mutation: You are resistant to hostile enchantments.
                  | (MR+) [Jiyva's grace]
 35207 | Swamp:4  | Cast into level 3 of the Abyss (Louise)
 35511 | Abyss:3  | Reached XP level 19. HP: 127/156 MP: 29/29
 35538 | Swamp:4  | Escaped the Abyss
 35551 | Swamp:4  | Killed Louise
 35565 | Swamp:4  | Gained mutation: You have a pair of large horns on your
                  | head. [Jiyva's grace]
 35731 | Swamp:4  | Found a runed translucent gate.
 35731 | Swamp:4  | Found a runed translucent gate.
 35732 | Swamp:4  | Found a runed translucent gate.
 35732 | Swamp:4  | Noticed Zenkrye's ghost (adept HOFi)
 35733 | Swamp:4  | Noticed Zenkrye's ghost (adept HOFi)
 35755 | Swamp:4  | Killed Zenkrye's ghost
 35763 | Swamp:4  | Killed Zenkrye's ghost
 35782 | Swamp:4  | Identified a scroll of acquirement
 35949 | Swamp:4  | Got a scorched wooden ring
 36125 | Swamp:4  | Gained mutation: You are partially covered in iridescent
                  | scales. (AC +2) [Jiyva's grace]
 36571 | Swamp:4  | Got a decaying rune of Zot
 36640 | Swamp:4  | Lost mutation: You are frail. (-10% HP) [Jiyva's grace]
 36721 | Swamp:4  | Gained mutation: You have supernaturally acute eyesight.
                  | (SInv) [Jiyva's grace]
 36898 | Swamp:2  | Got a heavily runed brass ring
 36899 | Swamp:2  | Identified the ring "Zisiog" {+Blink Int+6} (You found it
                  | on level 4 of the Swamp)
 36900 | Swamp:2  | Identified the ring of Diarigol {rElec rN+ MR+ Stlth-} (You
                  | found it on level 2 of the Swamp)
 37213 | Elf:1    | Entered Level 1 of the Elven Halls
 37300 | Elf:1    | Found a magical portal.
 37311 | Elf:1    | Found a ruined gateway.
 37328 | Elf:1    | Gained mutation: Armour fits poorly on your pseudopods.
                  | [Jiyva's grace]
 37337 | WizLab   | Entered Doroklohe's Tomb
 37589 | WizLab   | Noticed an ancient lich
 37599 | WizLab   | Killed an ancient lich
 37627 | WizLab   | Lost mutation: Your body has grown golden eyes which may
                  | confuse attackers. (Acc +3) [Jiyva's grace]
 37697 | Elf:1    | Lost mutation: You are partially covered in iridescent
                  | scales. (AC +2) [Jiyva's grace]
 37712 | Elf:1    | Lost mutation: You possess an exceptional clarity of mind.
                  | [Jiyva's grace]
 37776 | Elf:1    | Noticed a Brimstone Fiend
 37798 | Elf:1    | Gained mutation: Armour fits poorly on your strangely
                  | shaped body. [Jiyva's grace]
 37803 | Elf:1    | Found a runed translucent gate.
 37803 | Elf:1    | Found a runed translucent gate.
 37803 | Elf:1    | Found a runed translucent gate.
 37803 | Elf:1    | Found a runed translucent gate.
 37803 | Elf:1    | Found a runed translucent gate.
 37805 | Elf:1    | Found a runed translucent gate.
 37826 | Elf:1    | Lost mutation: You passively map a small area around you.
                  | [Jiyva's grace]
 37844 | Elf:1    | Lost mutation: Armour fits poorly on your strangely shaped
                  | body. [Jiyva's grace]
 37854 | Elf:1    | Lost mutation: You expend magic power (3 MP) to strengthen
                  | your wands. [Jiyva's grace]
 37911 | Elf:1    | Found a runed translucent door.
 37916 | Elf:1    | Noticed Dataggej's ghost (adept MiBe)
 37962 | Elf:1    | Killed Dataggej's ghost
 38468 | Elf:2    | Gained mutation: You possess an exceptional clarity of
                  | mind. [Jiyva's grace]
 38500 | Elf:2    | Found Vonusec's Assorted Antiques.
 38581 | Elf:2    | Reached XP level 20. HP: 164/186 MP: 31/31
 38697 | Elf:2    | Gained mutation: Your body has grown golden eyes which may
                  | confuse attackers. (Acc +3) [Jiyva's grace]
 38732 | Elf:2    | Gained mutation: You are surrounded by a mild repulsion
                  | field. (EV +2) [Jiyva's grace]
 38796 | Elf:2    | Found a runed translucent gate.
 38801 | Elf:2    | Found a runed translucent gate.
 38801 | Elf:2    | Found a runed translucent gate.
 38993 | Elf:2    | Lost mutation: Armour fits poorly on your pseudopods.
                  | [Jiyva's grace]
 38998 | Elf:2    | Gained mutation: You are surrounded by a moderate repulsion
                  | field. (EV +3) [Jiyva's grace]
 39190 | Elf:2    | Lost mutation: You possess an exceptional clarity of mind.
                  | [Jiyva's grace]
 39408 | Elf:3    | Entered Level 3 of the Elven Halls
 39705 | Elf:3    | Lost mutation: You have acidic saliva. [Jiyva's grace]
 39863 | Elf:3    | Gained mutation: You are covered in slimy tendrils that may
                  | disarm your opponents. [Jiyva's grace]
 39884 | Elf:3    | Gained mutation: You are surrounded by a strong repulsion
                  | field. (EV +4, RMsl) [Jiyva's grace]
 40044 | Elf:3    | Gained mutation: You have acidic saliva. [Jiyva's grace]
 40174 | Elf:3    | Gained mutation: You have a small jelly attached to you
                  | that may absorb incoming projectiles. [Jiyva's grace]
 40189 | Elf:3    | Lost mutation: Your body has grown golden eyes which may
                  | confuse attackers. (Acc +3) [Jiyva's grace]
 40593 | Elf:3    | Identified the +8 hand axe of Dust {freeze, +Inv rPois}
 40618 | Elf:3    | Identified the +1 leather armour of Onurgh {rCorr Int-3
                  | Dex-5 SInv}
 40651 | Elf:3    | Lost mutation: You have a small jelly attached to you that
                  | may absorb incoming projectiles. [Jiyva's grace]
 40785 | Elf:3    | Lost mutation: You evolve. [Jiyva's grace]
 40851 | Elf:3    | Gained mutation: Your muscles are strong. (Str +2) [Jiyva's
                  | grace]
 40853 | Elf:3    | Identified Butowoc's Almanac of Flames and Aid
 41126 | Depths:1 | Entered Level 1 of the Depths
 41251 | Vaults:1 | Entered Level 1 of the Vaults
 41280 | Vaults:1 | Reached XP level 21. HP: 196/196 MP: 33/33
 41994 | Vaults:1 | Reached skill level 15 in Armour
 42209 | Vaults:1 | Gained mutation: You have a small jelly attached to you
                  | that senses nearby items. [Jiyva's grace]
 42304 | Vaults:1 | Lost mutation: You have very sharp teeth. [Jiyva's grace]
 42304 | Vaults:1 | Gained mutation: You have a beak for a mouth. [Jiyva's
                  | grace]
 42338 | Vaults:1 | Gained mutation: Your flesh is cold resistant. (rC+)
                  | [Jiyva's grace]
 42362 | Vaults:1 | Lost mutation: Your flesh is cold resistant. (rC+) [Jiyva's
                  | grace]
 42366 | Vaults:1 | Gained mutation: Your mind is acute. (Int +2) [Jiyva's
                  | grace]
 42370 | Vaults:1 | Lost mutation: Your rubbery body absorbs attacks. (AC +1,
                  | EV +1) [Jiyva's grace]
 42524 | Vaults:1 | Gained mutation: Your translucent skin slightly reduces
                  | your foes' accuracy. (Stealth) [Jiyva's grace]
 42607 | Vaults:1 | Lost mutation: You have an increased reservoir of magic.
                  | (+10% MP) [Jiyva's grace]
 43267 | Vaults:2 | Gained mutation: You are somewhat resistant to further
                  | mutation. [Jiyva's grace]
 43386 | Vaults:2 | Found Fegemaro's Food Shop.
 43559 | Vaults:2 | Gained mutation: You have sharp toenails. [Jiyva's grace]
 43565 | Vaults:2 | Lost mutation: You have sharp toenails. [Jiyva's grace]
 43717 | Vaults:2 | Identified the Catalogue of Shifting Creation
 43727 | Vaults:2 | Lost mutation: Your translucent skin slightly reduces your
                  | foes' accuracy. (Stealth) [Jiyva's grace]
 43839 | Vaults:2 | Lost mutation: Your muscles are strong. (Str +2) [Jiyva's
                  | grace]
 44457 | Vaults:3 | Noticed Mennas
 44476 | Vaults:3 | Killed Mennas
 44684 | Vaults:3 | Noticed an ancient lich
 44684 | Vaults:3 | Noticed dolemite99's ghost (veteran DrFE)
 44685 | Vaults:3 | Found a runed translucent gate.
 44685 | Vaults:3 | Found a runed translucent gate.
 44685 | Vaults:3 | Found an ancient bone altar of Kikubaaqudgha.
 44685 | Vaults:3 | Found a runed translucent gate.
 44685 | Vaults:3 | Noticed Muvus's ghost (adept DsFi)
 44685 | Vaults:3 | Noticed Tang's ghost (master DsGl)
 44710 | Vaults:3 | Lost mutation: You have supernaturally acute eyesight.
                  | (SInv) [Jiyva's grace]
 44768 | Vaults:3 | Reached XP level 22. HP: 181/206 MP: 31/31
 44782 | Vaults:3 | Lost mutation: You have a pair of large horns on your head.
                  | [Jiyva's grace]
 44806 | Vaults:3 | Lost mutation: Your mind is acute. (Int +2) [Jiyva's grace]
 44859 | Vaults:3 | Gained mutation: Your mind is acute. (Int +2) [Jiyva's
                  | grace]
 44898 | Vaults:3 | Gained mutation: Your muscles are strong. (Str +2) [Jiyva's
                  | grace]
 44985 | Vaults:3 | Lost mutation: Your mind is acute. (Int +2) [Jiyva's grace]
 44990 | Vaults:3 | Noticed Sojobo
 45006 | Vaults:3 | HP: 6/207 [air elemental[Sojobo] (5)]
 45443 | Vaults:3 | Killed Sojobo
 45510 | Vaults:3 | Lost mutation: Your flesh is heat resistant. (rF+) [Jiyva's
                  | grace]
 45539 | Vaults:3 | Found a staircase to the Crypt.
 45658 | Vaults:3 | Lost mutation: You are covered in slimy tendrils that may
                  | disarm your opponents. [Jiyva's grace]
 45936 | Vaults:3 | Noticed Mara
 45941 | Vaults:3 | Noticed Dirian's illusion
 45960 | Vaults:3 | Killed Mara
 46021 | Vaults:3 | Gained mutation: You have a pair of large horns on your
                  | head. [Jiyva's grace]
 46538 | Vaults:3 | Killed Muvus's ghost
 46795 | Vaults:3 | Lost mutation: You have acidic saliva. [Jiyva's grace]
 46797 | Vaults:3 | Got a pair of transparent boots
 46801 | Vaults:3 | Got a crude jade amulet
 46807 | Vaults:3 | Killed an ancient lich
 46842 | Vaults:3 | Killed Tang's ghost
 47327 | Vaults:3 | Killed dolemite99's ghost
 47424 | Vaults:4 | Lost mutation: You have a pair of large horns on your head.
                  | [Jiyva's grace]
 47542 | Vaults:4 | Gained mutation: Your translucent skin slightly reduces
                  | your foes' accuracy. (Stealth) [Jiyva's grace]
 47668 | Vaults:4 | Identified the amulet of Tihy {RegenMP rElec Dex+3} (You
                  | found it on level 3 of the Vaults)
 47669 | Vaults:4 | Identified the +1 pair of boots "Opukhargh" {Harm +Inv MP-9
                  | Str+2} (You found it on level 3 of the Vaults)
 47756 | Vaults:4 | Lost mutation: You have a beak for a mouth. [Jiyva's grace]
 47806 | Vaults:4 | Lost mutation: You have a small jelly attached to you that
                  | senses nearby items. [Jiyva's grace]
 47880 | Vaults:4 | Gained mutation: You have a pair of large horns on your
                  | head. [Jiyva's grace]
 48069 | Vaults:4 | Lost mutation: You have sharp fingernails. [Jiyva's grace]
 48214 | Vaults:4 | Lost mutation: You have a pair of large horns on your head.
                  | [Jiyva's grace]
 48296 | Vaults:4 | Reached XP level 23. HP: 196/216 MP: 33/33
 48381 | Vaults:4 | Found the +0 mask of the Dragon {MR+ Slay+3 SInv}
 48381 | Vaults:4 | Got the +0 mask of the Dragon {MR+ Slay+3 SInv}
 48384 | Vaults:4 | Gained mutation: Your muscles are very strong. (Str +4)
                  | [Jiyva's grace]
 48425 | Vaults:4 | Reached skill level 15 in Evocations
 48786 | Vaults:5 | Entered Level 5 of the Vaults
 48988 | Vaults:5 | Gained mutation: Your spells are a little harder to cast,
                  | but a little more powerful. [Jiyva's grace]
 49044 | Vaults:5 | Gained mutation: You occasionally shout uncontrollably at
                  | your foes. [Jiyva's grace]
 49089 | Vaults:5 | Lost mutation: Your spells are a little harder to cast, but
                  | a little more powerful. [Jiyva's grace]
 49092 | Vaults:5 | Gained mutation: Your body has grown golden eyes which may
                  | confuse attackers. (Acc +3) [Jiyva's grace]
 49095 | Vaults:5 | Gained mutation: Your system is resistant to poisons.
                  | (rPois) [Jiyva's grace]
 49097 | Vaults:5 | Gained mutation: You have a small jelly attached to you
                  | that senses nearby items. [Jiyva's grace]
 49098 | Vaults:5 | Lost mutation: You occasionally shout uncontrollably at
                  | your foes. [Jiyva's grace]
 49100 | Vaults:5 | Gained mutation: You possess an exceptional clarity of
                  | mind. [Jiyva's grace]
 49102 | Vaults:5 | Lost mutation: Your system is resistant to poisons. (rPois)
                  | [Jiyva's grace]
 49136 | Vaults:5 | Gained mutation: Your translucent skin reduces your foes'
                  | accuracy. (Stealth) [Jiyva's grace]
 49158 | Vaults:5 | Lost mutation: You possess an exceptional clarity of mind.
                  | [Jiyva's grace]
 49179 | Vaults:5 | Identified the +1 pair of gloves of Death's Door {+Blink
                  | rElec rC++ Int-5} (You found it on level 5 of the Vaults)
 49224 | Vaults:5 | Lost mutation: You have a small jelly attached to you that
                  | senses nearby items. [Jiyva's grace]
 49272 | Vaults:5 | Got a silver rune of Zot
 49292 | Vaults:5 | Identified the +2 robe of Wariness {MR+}
 49577 | Vaults:5 | Gained mutation: Your mind is acute. (Int +2) [Jiyva's
                  | grace]
 49595 | Vaults:5 | Gained mutation: You expend magic power (3 MP) to
                  | strengthen your wands. [Jiyva's grace]
 49599 | Vaults:5 | Identified the +11 long sword "Mugyu" {vorpal, *Drain
                  | Int+7}
 49616 | Vaults:5 | Gained mutation: Your spells are a little harder to cast,
                  | but a little more powerful. [Jiyva's grace]
 49638 | Vaults:5 | Lost mutation: You expend magic power (3 MP) to strengthen
                  | your wands. [Jiyva's grace]
 49784 | Vaults:5 | Lost mutation: Your body has grown golden eyes which may
                  | confuse attackers. (Acc +3) [Jiyva's grace]
 49900 | Vaults:5 | Lost mutation: Your mind is acute. (Int +2) [Jiyva's grace]
 49954 | Vaults:5 | Gained mutation: You are robust. (+10% HP) [Jiyva's grace]
 49960 | Vaults:5 | Reached XP level 24. HP: 250/250 MP: 33/33
 49991 | Vaults:5 | Gained mutation: Your mind is acute. (Int +2) [Jiyva's
                  | grace]
 50139 | Vaults:5 | Lost mutation: Your translucent skin reduces your foes'
                  | accuracy. (Stealth) [Jiyva's grace]
 50181 | Vaults:5 | Gained mutation: Your spells are harder to cast, but more
                  | powerful. [Jiyva's grace]
 50510 | Vaults:5 | Found Fisaixif's Antique Weapon Shop.
 50754 | Vaults:5 | Gained mutation: You are somewhat resistant to both further
                  | mutation and mutation removal. [Jiyva's grace]
 51011 | D:13     | Gained mutation: Your mind is very acute. (Int +4) [Jiyva's
                  | grace]
 51036 | D:14     | Bought the +27 Lear's hauberk for 1561 gold pieces
 51036 | D:14     | Found the +27 Lear's hauberk
 51068 | Depths:1 | Gained mutation: Your body has grown golden eyes which may
                  | confuse attackers. (Acc +3) [Jiyva's grace]
 51152 | Depths:1 | Lost mutation: Your body has grown golden eyes which may
                  | confuse attackers. (Acc +3) [Jiyva's grace]
 51204 | Depths:1 | Found a gateway to a ziggurat.
 51347 | Depths:1 | Lost mutation: Your translucent skin slightly reduces your
                  | foes' accuracy. (Stealth) [Jiyva's grace]
 51585 | Depths:1 | Gained mutation: You are agile. (Dex +2) [Jiyva's grace]
 51658 | Depths:1 | Found a gateway to Hell.
 51838 | Depths:1 | Found Vathreorph's Serpentskin Sales.
 52382 | Depths:2 | Gained mutation: Your translucent skin slightly reduces
                  | your foes' accuracy. (Stealth) [Jiyva's grace]
 52828 | Depths:2 | Gained mutation: You expend magic power (3 MP) to
                  | strengthen your wands. [Jiyva's grace]
 53002 | Depths:2 | Lost mutation: Your muscles are very strong. (Str +4)
                  | [Jiyva's grace]
 53215 | Depths:2 | Found a one-way gate to the infinite horrors of the Abyss.
 53222 | Depths:2 | Gained mutation: You possess an exceptional clarity of
                  | mind. [Jiyva's grace]
 53694 | Depths:2 | Identified An Introduction to the Arcane Arts
 53857 | Depths:3 | Lost mutation: You possess an exceptional clarity of mind.
                  | [Jiyva's grace]
 53985 | Depths:3 | Gained mutation: Your body has grown golden eyes which may
                  | confuse attackers. (Acc +3) [Jiyva's grace]
 54048 | Depths:3 | Noticed Jory
 54052 | Depths:3 | Gained mutation: Your flesh is cold resistant. (rC+)
                  | [Jiyva's grace]
 54059 | Depths:3 | Killed Jory
 54075 | Depths:3 | Reached XP level 25. HP: 236/267 MP: 33/33
 54121 | Depths:3 | Lost mutation: You are somewhat resistant to both further
                  | mutation and mutation removal. [Jiyva's grace]
 54134 | Depths:3 | Lost mutation: Your body has grown golden eyes which may
                  | confuse attackers. (Acc +3) [Jiyva's grace]
 54307 | Depths:3 | Found a runed translucent door.
 54314 | Depths:3 | Identified the +1 dagger of Hugroc {freeze, rElec Str+3}
 55020 | Depths:3 | Gained mutation: You have acidic saliva. [Jiyva's grace]
 55043 | Depths:3 | Lost mutation: You are agile. (Dex +2) [Jiyva's grace]
 55077 | Depths:3 | Lost mutation: You expend magic power (3 MP) to strengthen
                  | your wands. [Jiyva's grace]
 55227 | Depths:3 | Gained mutation: Your flesh is very cold resistant. (rC++)
                  | [Jiyva's grace]
 55343 | Depths:3 | Found a one-way gate leading to the halls of Pandemonium.
 55395 | Depths:3 | Identified Puydou's Collected Works on Calling
 55397 | Depths:3 | Identified Laritas's Almanac of Shifting Cold
 55589 | Depths:3 | Lost mutation: Your flesh is very cold resistant. (rC++)
                  | [Jiyva's grace]
 55765 | Depths:4 | Lost mutation: Your spells are harder to cast, but more
                  | powerful. [Jiyva's grace]
 55927 | Depths:4 | Lost mutation: Your mind is very acute. (Int +4) [Jiyva's
                  | grace]
 55947 | Depths:4 | Gained mutation: You are agile. (Dex +2) [Jiyva's grace]
 56263 | Depths:4 | Lost mutation: Your flesh is cold resistant. (rC+) [Jiyva's
                  | grace]
 56276 | Depths:4 | Lost mutation: Your mind is acute. (Int +2) [Jiyva's grace]
 56380 | Depths:4 | Gained mutation: Your body has grown golden eyes which may
                  | confuse attackers. (Acc +3) [Jiyva's grace]
 56383 | Depths:4 | Gained mutation: You have large cloven feet. [Jiyva's
                  | grace]
 56505 | Depths:4 | Lost mutation: Your muscles are strong. (Str +2) [Jiyva's
                  | grace]
 56842 | Depths:5 | Entered Level 5 of the Depths
 56904 | Depths:5 | Lost mutation: Your spells are a little harder to cast, but
                  | a little more powerful. [Jiyva's grace]
 56995 | Depths:5 | Reached skill level 27 in Long Blades
 57007 | Depths:5 | Reached XP level 26. HP: 252/281 MP: 33/33
 57220 | Depths:5 | Noticed Saint Roka
 57224 | Depths:5 | Lost mutation: You are agile. (Dex +2) [Jiyva's grace]
 57240 | Depths:5 | Killed Saint Roka
 57274 | Depths:5 | Lost mutation: You are robust. (+10% HP) [Jiyva's grace]
 57296 | Depths:5 | Gained mutation: Your rubbery body absorbs attacks. (AC +1,
                  | EV +1) [Jiyva's grace]
 57353 | Depths:5 | Gained mutation: Your translucent skin reduces your foes'
                  | accuracy. (Stealth) [Jiyva's grace]
 57655 | Depths:5 | Gained mutation: You are robust. (+10% HP) [Jiyva's grace]
 57734 | Depths:5 | Found a gate to the Realm of Zot.
 57887 | Depths:5 | Found Jaryefif's Jewellery Emporium.
 57887 | Depths:5 | Found Picutz's Gadget Boutique.
 57888 | Depths:5 | Found Juc Hyny's Gadget Boutique.
 57895 | Depths:5 | Bought an uncursed ring of protection from fire for 325
                  | gold pieces
 58092 | Zot:1    | Entered Level 1 of the Realm of Zot
 58677 | Zot:1    | Lost mutation: You are robust. (+10% HP) [Jiyva's grace]
 58931 | Zot:1    | Identified the Papyrus of Captivating Poison
 59385 | Zot:1    | Lost mutation: Your rubbery body absorbs attacks. (AC +1,
                  | EV +1) [Jiyva's grace]
 60070 | Zot:2    | Gained mutation: Your body has grown many golden eyes which
                  | may confuse attackers. (Acc +5) [Jiyva's grace]
 60100 | Zot:2    | Lost mutation: You have large cloven feet. [Jiyva's grace]
 60565 | Zot:3    | Noticed an orb of fire
 60724 | Zot:2    | Gained mutation: You are robust. (+10% HP) [Jiyva's grace]
 60776 | Zot:2    | Killed an orb of fire
 60783 | Zot:3    | Reached XP level 27. HP: 281/297 MP: 33/33
 61163 | Zot:3    | Lost mutation: You are robust. (+10% HP) [Jiyva's grace]
 61204 | Zot:3    | Lost mutation: You are somewhat resistant to further
                  | mutation. [Jiyva's grace]
 61502 | Zot:3    | Reached skill level 27 in Fighting
 61867 | Zot:3    | Gained mutation: Your transparent skin significantly
                  | reduces your foes' accuracy. (Stealth) [Jiyva's grace]
 61897 | Zot:3    | Gained mutation: Your rubbery body absorbs attacks. (AC +1,
                  | EV +1) [Jiyva's grace]
 61953 | Zot:3    | Found a glowing silver altar of Zin.
 61974 | Zot:3    | Identified the Tome of the Zealot
 61977 | Zot:3    | Gained mutation: You are agile. (Dex +2) [Jiyva's grace]
 61985 | Zot:3    | Identified the Almanac of Fire and Brimstone
 62839 | Zot:4    | Gained mutation: Your spells are a little harder to cast,
                  | but a little more powerful. [Jiyva's grace]
 62929 | Zot:4    | Gained mutation: Your body is covered in golden eyes which
                  | may confuse attackers. (Acc +7, SInv) [Jiyva's grace]
 63096 | Zot:5    | Entered Level 5 of the Realm of Zot
 63096 | Zot:5    | Identified the +4 dragonskin cloak
 63096 | Zot:5    | Noticed Tiamat
 63145 | Zot:4    | Killed Tiamat
 63500 | Zot:5    | Lost mutation: Your spells are a little harder to cast, but
                  | a little more powerful. [Jiyva's grace]
 63524 | Zot:5    | Lost mutation: Your body is covered in golden eyes which
                  | may confuse attackers. (Acc +7, SInv) [Jiyva's grace]
 63738 | Zot:5    | Lost mutation: Your transparent skin significantly reduces
                  | your foes' accuracy. (Stealth) [Jiyva's grace]
 63794 | Zot:5    | Noticed an ancient lich
 63811 | Zot:5    | Noticed an orb of fire
 63813 | Zot:5    | Killed an ancient lich
 63823 | Zot:5    | Gained mutation: You are frail. (-10% HP) [an orb of fire]
 63825 | Zot:5    | Killed an orb of fire
 63831 | Zot:5    | Noticed an orb of fire
 63845 | Zot:5    | Killed an orb of fire
 63854 | Zot:5    | Noticed an ancient lich
 63863 | Zot:5    | Killed an ancient lich
 63863 | Zot:5    | Reached skill level 27 in Armour
 63867 | Zot:5    | Noticed an orb of fire
 63882 | Zot:5    | Gained mutation: You tend to lose your temper in combat.
                  | [an orb of fire]
 63887 | Zot:5    | Killed an orb of fire
 64201 | Zot:5    | Noticed an ancient lich
 64202 | Zot:5    | Noticed an ancient lich
 64213 | Zot:5    | Killed an ancient lich
 64219 | Zot:5    | Killed an ancient lich
 64323 | Zot:5    | Lost mutation: Your translucent skin reduces your foes'
                  | accuracy. (Stealth) [Jiyva's grace]
 64759 | Zot:5    | Reached skill level 1 in Dodging
 64852 | Zot:5    | Noticed an ancient lich
 64860 | Zot:5    | Killed an ancient lich
 64965 | Zot:5    | Noticed an ancient lich
 65003 | Zot:5    | Killed an ancient lich
 65026 | Zot:5    | Noticed an ancient lich
 65028 | Zot:5    | Noticed an ancient lich
 65039 | Zot:5    | Killed an ancient lich
 65044 | Zot:5    | Killed an ancient lich
 65204 | Zot:5    | Paralysed by a Zot trap for 2 turns
 65217 | Zot:5    | Noticed an ancient lich
 65224 | Zot:5    | Killed an ancient lich
 65588 | D:13     | Lost mutation: You are frail. (-10% HP) [Jiyva's grace]
 65747 | Crypt:1  | Entered Level 1 of the Crypt
 65748 | Crypt:1  | Upgraded the game from 0.25.0-1-g7eea58d2a3 to
                  | 0.25.0-3-gd7cc5688da
 65939 | Crypt:1  | Reached skill level 5 in Dodging
 66078 | Crypt:1  | Found the +0 pair of fencer's gloves {Riposte Dex+3}
 66123 | Crypt:1  | Lost mutation: You are surrounded by a strong repulsion
                  | field. (EV +4, RMsl) [Jiyva's grace]
 66220 | Crypt:1  | Noticed Xtahua
 66226 | Crypt:1  | Killed Xtahua
 66530 | Crypt:1  | Lost mutation: You tend to lose your temper in combat.
                  | [Jiyva's grace]
 67633 | Crypt:2  | Gained mutation: You have a small jelly attached to you
                  | that may absorb incoming projectiles. [Jiyva's grace]
 67842 | Crypt:3  | Entered Level 3 of the Crypt
 67899 | Crypt:3  | Noticed Margery
 67909 | Crypt:3  | Killed Margery
 67942 | Crypt:3  | Lost mutation: You are agile. (Dex +2) [Jiyva's grace]
 67945 | Crypt:3  | Gained mutation: You are resistant to hostile enchantments.
                  | (MR+) [Jiyva's grace]
 67959 | Crypt:3  | Lost mutation: Your body has grown many golden eyes which
                  | may confuse attackers. (Acc +5) [Jiyva's grace]
 68011 | Crypt:3  | Found a staircase to the Tomb.
 68212 | Crypt:3  | Identified the +3 chain mail "Aled" {rElec}
 68646 | Crypt:3  | Found a basalt altar of Yredelemnul.
 68713 | Crypt:3  | Got a vibrating emerald amulet
 68765 | Crypt:3  | Got a smoking bone amulet
 68769 | Crypt:3  | Identified the amulet "Tibbewk" {Faith rC+ Str+3} (You
                  | found it on level 3 of the Crypt)
 68770 | Crypt:3  | Identified the amulet "Jur Reto" {rF++ Regen+ Int-4} (You
                  | found it on level 3 of the Crypt)
 68786 | Crypt:3  | Got a scintillating turquoise ring
 68786 | Crypt:3  | Got a warped marble ring
 68787 | Crypt:3  | Identified the ring of Aturuqye {+Fly rElec rN+ Int+3} (You
                  | found it on level 3 of the Crypt)
 68788 | Crypt:3  | Identified the ring "Wotsoiph" {rF+ rN+ Int+2} (You found
                  | it on level 3 of the Crypt)
 68953 | Crypt:3  | Noticed Khufu
 68953 | Crypt:3  | Noticed a greater mummy
 68954 | Crypt:3  | Noticed a greater mummy
 68974 | Crypt:3  | Killed a greater mummy
 68995 | Crypt:3  | Killed Khufu
 69021 | Crypt:3  | Killed a greater mummy
 69383 | Crypt:3  | Gained mutation: You have a small jelly attached to you
                  | that senses nearby items. [Jiyva's grace]
 69561 | Crypt:3  | Gained mutation: You are robust. (+10% HP) [Jiyva's grace]
 70116 | Zot:5    | Got the Orb of Zot
 70142 | Zot:5    | Noticed Plog the pandemonium lord
 70159 | Zot:5    | Killed Plog the pandemonium lord
 70334 | Depths:5 | Noticed Tutsiladd the pandemonium lord
 70350 | Depths:5 | Killed Tutsiladd the pandemonium lord
 70502 | Depths:1 | Noticed Iqess the pandemonium lord
 70522 | Depths:1 | Killed Iqess the pandemonium lord
 71013 | D:13     | Gained mutation: Your system is resistant to poisons.
                  | (rPois) [Jiyva's grace]
 71274 | Crypt:2  | Noticed Xomocw the pandemonium lord
 71300 | Crypt:2  | Cast into level 4 of the Abyss (Xomocw)
 71417 | Abyss:4  | Gained mutation: You are occasionally teleported next to
                  | monsters. [a neqoxec]
 71846 | Abyss:4  | Gained mutation: Your muscles are strong. (Str +2) [Jiyva's
                  | grace]
 71860 | Abyss:4  | Paralysed by accursed screaming for 1 turns
 72001 | Abyss:4  | Gained mutation: Scrolls take you a little longer to read.
                  | [a neqoxec]
 72315 | Abyss:4  | Got an abyssal rune of Zot
 72374 | Abyss:4  | Lost mutation: You have a small jelly attached to you that
                  | may absorb incoming projectiles. [a neqoxec]
 72510 | Abyss:4  | Lost mutation: Your body has grown golden eyes which may
                  | confuse attackers. (Acc +3) [Jiyva's grace]
 72553 | Abyss:4  | Lost mutation: Your muscles are strong. (Str +2) [a
                  | neqoxec]
 72636 | Abyss:4  | Gained mutation: Scrolls take you longer to read. [a
                  | neqoxec]
 72679 | Abyss:4  | Reached skill level 10 in Dodging
 72741 | Crypt:2  | Escaped the Abyss
 72752 | Crypt:2  | Killed Xomocw the pandemonium lord
 72862 | Tomb:1   | Entered Level 1 of the Tomb of the Ancients
 72923 | Tomb:1   | Noticed Xocurabbuo the pandemonium lord
 72946 | Tomb:1   | Killed Xocurabbuo the pandemonium lord
 72994 | Tomb:1   | Noticed a greater mummy
 73009 | Tomb:1   | Noticed a greater mummy
 73022 | Tomb:1   | Killed a greater mummy
 73026 | Tomb:1   | Killed a greater mummy
 73028 | Tomb:1   | Noticed a greater mummy
 73039 | Tomb:1   | Killed a greater mummy
 73040 | Tomb:1   | Lost mutation: You have acidic saliva. [potion of mutation]
 73040 | Tomb:1   | Lost mutation: Your translucent skin slightly reduces your
                  | foes' accuracy. (Stealth) [potion of mutation]
 73040 | Tomb:1   | Gained mutation: You possess an exceptional clarity of
                  | mind. [potion of mutation]
 73040 | Tomb:1   | Gained mutation: You are agile. (Dex +2) [potion of
                  | mutation]
 73041 | Tomb:1   | Lost mutation: You are robust. (+10% HP) [potion of
                  | mutation]
 73041 | Tomb:1   | Lost mutation: You are resistant to hostile enchantments.
                  | (MR+) [potion of mutation]
 73041 | Tomb:1   | Lost mutation: You possess an exceptional clarity of mind.
                  | [potion of mutation]
 73041 | Tomb:1   | Gained mutation: You are resistant to hostile enchantments.
                  | (MR+) [potion of mutation]
 73042 | Tomb:1   | Lost mutation: Your rubbery body absorbs attacks. (AC +1,
                  | EV +1) [potion of mutation]
 73042 | Tomb:1   | Lost mutation: You are agile. (Dex +2) [potion of mutation]
 73042 | Tomb:1   | Lost mutation: Scrolls take you longer to read. [potion of
                  | mutation]
 73042 | Tomb:1   | Lost mutation: Scrolls take you a little longer to read.
                  | [potion of mutation]
 73042 | Tomb:1   | Lost mutation: Your system is resistant to poisons. (rPois)
                  | [potion of mutation]
 73042 | Tomb:1   | Gained mutation: Your muscles are strong. (Str +2) [potion
                  | of mutation]
 73043 | Tomb:1   | Lost mutation: You are surrounded by a moderate repulsion
                  | field. (EV +3) [potion of mutation]
 73043 | Tomb:1   | Lost mutation: Your muscles are strong. (Str +2) [potion of
                  | mutation]
 73043 | Tomb:1   | Lost mutation: You are resistant to hostile enchantments.
                  | (MR+) [potion of mutation]
 73043 | Tomb:1   | Gained mutation: You are resistant to hostile enchantments.
                  | (MR+) [potion of mutation]
 73043 | Tomb:1   | Gained mutation: You are weak. (Str -2) [potion of
                  | mutation]
 73043 | Tomb:1   | Gained mutation: Your spells are a little harder to cast,
                  | but a little more powerful. [potion of mutation]
 73043 | Tomb:1   | Gained mutation: Your skin changes colour to match your
                  | surroundings (Stealth+). [potion of mutation]
 73044 | Tomb:1   | Lost mutation: You are occasionally teleported next to
                  | monsters. [potion of mutation]
 73044 | Tomb:1   | Lost mutation: You have a small jelly attached to you that
                  | senses nearby items. [potion of mutation]
 73044 | Tomb:1   | Lost mutation: You are resistant to hostile enchantments.
                  | (MR+) [potion of mutation]
 73044 | Tomb:1   | Lost mutation: Your spells are a little harder to cast, but
                  | a little more powerful. [potion of mutation]
 73044 | Tomb:1   | Gained mutation: Your flesh is heat resistant. (rF+)
                  | [potion of mutation]
 73044 | Tomb:1   | Gained mutation: You evolve. [potion of mutation]
 73044 | Tomb:1   | Gained mutation: You are covered in fur. (AC +1) [potion of
                  | mutation]
 73050 | Tomb:1   | Noticed a greater mummy
 73052 | Tomb:1   | Slimified a greater mummy
 73052 | Tomb:1   | a greater mummy changed into a death ooze
 73375 | Tomb:1   | Noticed Kaessanu the pandemonium lord
 73392 | Tomb:1   | Killed Kaessanu the pandemonium lord
 73408 | Tomb:1   | Noticed a greater mummy
 73422 | Tomb:1   | Killed a greater mummy
 73568 | Tomb:1   | Reached skill level 27 in Shields
 73659 | Tomb:1   | Noticed a greater mummy
 73668 | Tomb:1   | Noticed a greater mummy
 73669 | Tomb:1   | Killed a greater mummy
 73670 | Tomb:1   | Noticed a greater mummy
 73680 | Tomb:1   | Slimified a greater mummy
 73680 | Tomb:1   | a greater mummy changed into a death ooze
 73697 | Tomb:1   | Killed a greater mummy
 73835 | D:8      | Lost mutation: You are weak. (Str -2) [Jiyva's grace]
 73875 | Tomb:1   | Noticed a greater mummy
 73878 | Tomb:1   | Noticed a greater mummy
 73879 | Tomb:1   | Noticed a greater mummy
 73981 | Tomb:1   | Noticed a greater mummy
 73994 | Tomb:1   | Killed a greater mummy
 74088 | Tomb:1   | Noticed a greater mummy
 74090 | Tomb:1   | Noticed a greater mummy
 74123 | Tomb:1   | Noticed a greater mummy
 74142 | Tomb:1   | Noticed a greater mummy
 74149 | Tomb:1   | Killed a greater mummy
 74160 | Tomb:1   | Killed a greater mummy
 74527 | Tomb:1   | Noticed a greater mummy
 74566 | Tomb:1   | Killed a greater mummy
 74668 | Tomb:1   | Noticed a greater mummy
 74676 | Tomb:1   | Killed a greater mummy
 74780 | Tomb:1   | Noticed Rimaq the pandemonium lord
 74815 | Tomb:1   | Killed Rimaq the pandemonium lord
 74841 | Tomb:1   | HP: 6/273 [death scarab[a greater mummy] (12)]
 74841 | Tomb:1   | Killed from afar by a balrug

Illustrated notes

Levels and vault maps discovered:
D:1:      saegor_arrival_under_anarchy, layout_basic
D:2:      layout_basic, grunt_ministairs_7
D:3:      layout_rooms, grunt_ministairs_14
D:4:      layout_loops_cross, kiku_gazebo_garden_becter
D:5:      layout_gridville, first_ration, serial_shops, shop_fountains,
          guppyfry_early_lair_pool
D:6:      minmay_evil_eye, layout_cave_pools, minmay_temple_entry_grid
D:7:      layout_loops_corners, serial_shops, kennysheep_mini_moat,
          kennysheep_crisscross, minmay_crossroads
D:8:      layout_loops_corners, ebering_ghost_disaster_area
D:9:      layout_big_octagon, uniq_grum, uniq_maurice
D:10:     layout_loops_ring, grunt_lair_entry_orc_guard_hut, serial_shops, shop,
          nicolae_shop_crystal, nicolae_shop_temple_entry_statues_fountains,
          nicolae_shop_window_shopping, nicolae_shop_behind_doors, uniq_snorg
D:11:     layout_loops_corners, grunt_ogre_cave
D:12:     layout_irregular_city, orc_0_dummy, basic_altar, uniq_jorgrun
D:13:     layout_roguey, grunt_vaults_entry_fortified
D:14:     layout_basic, minmay_misc_feat_rugged, serial_shops, shop_fountains
D:15:     gammafunk_depths_entry_grave, layout_basic,
          chequers_serial_rivers_small_a
Lair:1:   layout_regular_city, infiniplex_staircase_pool_2, lemuel_fruit_fields,
          serial_bayou_shore_b, uniq_harold
Lair:2:   regret_index_wax_grids, layout_hall_layers
Lair:3:   layout_regular_city, dummy_snake_entry
Lair:4:   layout_layer_cave, palyth_hydra_swamp_entry, uniq_sonja
Lair:5:   beast_lair_carwin_large_3, layout_cave_pods
Lair:6:   minmay_lair_end_frog_pond, layout_gridlike, slime_altar_1
Swamp:1:  layout_falls_marsh, gammafunk_ghost_cemetery, serial_swamp_ruin,
          evilmike_swamp_ruin_rubble_1, evilmike_swamp_ruin_house_4,
          evilmike_swamp_ruin_house_3
Swamp:2:  gammafunk_worm_tunnel, layout_falls_marsh,
          evilmike_swamp_ruin_rubble_2, swamp_pool1
Swamp:3:  layout_basic_swamp, basic_altar, grunt_lady_of_the_lake,
          uniq_bai_suzhen
Swamp:4:  swamp_basic_johnstein, layout_basic_swamp, gammafunk_ghost_cemetery,
          infiniplex_staircase_pool, uniq_louise
Snake:1:  layout_rooms
Snake:2:  layout_misc_corridors, serial_bayou_shore_b, uniq_aizul
Snake:3:  layout_rooms, basic_altar, serial_shops, bzr_entry_road,
          hangedman_snake_pattern, serial_bayou_shore_b, serial_bayou_shore_b
Snake:4:  snake_pit, layout_gridlike
Slime:1:  layout_caves
Slime:2:  layout_caves
Slime:3:  layout_caves
Slime:4:  nicolae_slime_jelly_donut, layout_caves
Slime:5
Orc:1:    layout_caves
Orc:2:    grunt_orc_community_town_hall, layout_diamond_mine,
          grunt_orc_community_big_house_2, grunt_orc_community_big_house_2,
          grunt_orc_community_house_3, grunt_orc_community_house_1,
          grunt_orc_community_house_1, grunt_orc_community_house_2,
          grunt_orc_community_house_2, grunt_orc_community_house_3,
          serial_shops, shop, basic_altar
Elf:1:    elf_arrival_001, layout_loops_cross,
          portal_desolation_entry_nicolae_slug, ebering_ghost_reflecting_pool,
          mu_enter_wizlab_1, orc_legates
Elf:2:    layout_geoelf_diagonals, serial_shops, nicolae_shop_stone
Elf:3:    minmay_elf_hall_not_hex, layout_onion_city
Vaults:1: grunt_vaults_swirl, v_misc_3, vaults_dpeg_ring,
          vaults_mumra_minichess, vaults_dpeg_doors,
          ontoclasm_vaults_ring_large, nicolae_vaults_quadrants,
          hangedman_vaults_variations, v_pattern_2, ontoclasm_vaults_idyll,
          nicolae_vaults_network_star, layout_vaults_ring
Vaults:2: vaults_room_large_hall, nicolae_vaults_mini_display_case,
          hangedman_vaults_slice, nicolae_vaults_circle_grid_b, v_misc_9,
          layout_vaults_quadrants, serial_shops, shop
Vaults:3: gammafunk_vaults_ghost_crypt, st_octagons_2,
          nicolae_vaults_stairing_the_circle, nicolae_vaults_inception_statues,
          dpeg_vaults_monster_box, nicolae_vaults_little_squares_5,
          vaults_standard_mumra_x, nicolae_vaults_diagonal_hallway_6,
          layout_vaults_big_room, uniq_mennas, uniq_sojobo, uniq_mara
Vaults:4: v_rooms_3, vaults_room_octagon, hangedman_vaults_hat,
          vaults_room_door_hall, ontoclasm_vaults_fault, vaults_room_fours,
          nicolae_vaults_little_squares_6, layout_vaults_omnibox
Vaults:5: serial_shops
Crypt:1:  minmay_skeleton_keep, layout_misc_corridors,
          wad_floor_pattern_untrapped, minmay_misc_feat_columns, uniq_xtahua
Crypt:2:  layout_chaotic_city
Crypt:3:  church_of_pain_bobbens, layout_chaotic_city,
          nicolae_tomb_entry_grand_gallery, grunt_ministairs_6,
          nicolae_crypt_soggy_tomb, uniq_khufu, uniq_margery
Tomb:1
Depths:1: layout_cave_pools, enter_ziggurat_c, chequers_serial_rivers_micro_d,
          grunt_hell_entry_dis_mu, guppyfry_shop_venom
Depths:2: minmay_the_grid_octo_triangle [minmay_the_grid_octo_pinwheel,
          minmay_the_grid_octo_prize_single_spiral,
          minmay_the_grid_octo_checkerflower], layout_gridlike,
          lightli_too_deep, abyss_entry_crystal, kennysheep_generic_room_6
Depths:3: box_level_dp, serial_shops, hell_entry, pan_entry, uniq_jory
Depths:4: mu_elephants_graveyard, layout_gridlike, hell_entry,
          minmay_room_of_horrors, infiniplex_staircase_x, serial_sigils,
          serial_sigils_hangedman_scar, serial_sigils_hangedman_shear,
          serial_sigils_hangedman_etch, minivault_16
Depths:5: grunt_zot_entry_gee_three, layout_honeycomb, hell_entry,
          minmay_misc_feat_more_columns, minmay_shop_grove, uniq_saint_roka
Zot:1:    layout_cathedral_of_symmetry, st_stairs_10, grunt_ministairs_8
Zot:2:    layout_cellular_growth
Zot:3:    nicolae_zot_draconian_monastery, layout_misc_corridors
Zot:4:    layout_twisted_circle
Zot:5:    layout_onion, uniq_tiamat

Skill      XL: |  1  2  3  4  5  6  7  8  9 10 11 12 13 14 15 16 17 18 19 20 21 22 23 24 25 26 27 |
---------------+----------------------------------------------------------------------------------+-----
Long Blades    | 3 4 5 7 9 11 13 14 16 17 18 19 20 21 22 23 24 25 27 | 27.0
Armour         | 4 5 6 8 9 10 11 12 13 14 15 16 18 19 20 23 27 | 27.0
Fighting       | 4 5 6 7 8 10 12 13 14 15 16 17 18 19 20 21 23 24 26 27 | 27.0
Shields        | 4 5 6 7 8 10 11 12 13 14 16 18 20 21 22 24 25 27 | 27.0
Evocations     | 5 8 9 10 11 12 13 14 15 24 | 24.0
Dodging        | 14 | 14.8

Action                   |  1- 3 |  4- 6 |  7- 9 | 10-12 | 13-15 | 16-18 | 19-21 | 22-24 | 25-27 || total
-------------------------+-------+-------+-------+-------+-------+-------+-------+-------+-------++-------
Melee: Long sword        |    42 |   145 |   231 |   218 |       |       |       |       |       ||   636
       Headbutt          |     7 |    33 |    51 |   120 |   132 |   507 |   411 |   510 |  1334 ||  3105
       Scimitar          |       |       |       |   225 |   412 |  1647 |  1313 |    96 |       ||  3693
       Bite              |       |       |       |       |       |   133 |   224 |    47 |   645 ||  1049
       Pseudopods        |       |       |       |       |       |     7 |    66 |       |       ||    73
       Peck              |       |       |       |       |       |       |    98 |   117 |       ||   215
       Demon blade       |       |       |       |       |       |       |       |  1340 |  3346 ||  4686
       Unarmed           |       |       |       |       |       |       |       |       |    19 ||    19
Invok: Slimify           |       |       |       |       |       |     1 |       |     1 |     7 ||     9
       Request Jelly     |       |       |       |       |       |       |       |       |     7 ||     7
Evoke: Wand              |       |       |       |       |       |       |     2 |       |     4 ||     6
  Use: Scroll            |       |    14 |     7 |     8 |     4 |     7 |    10 |    14 |    23 ||    87
       Potion            |       |       |     1 |     4 |     3 |     7 |     4 |     2 |    21 ||    42
 Stab: Distracted        |       |       |       |       |       |     4 |       |     1 |     3 ||     8
       Sleeping          |       |       |       |       |       |     1 |       |       |       ||     1
       Confused          |       |       |       |       |       |     4 |     5 |     1 |    28 ||    38
  Eat: Chunk             |       |     7 |     8 |    12 |     6 |    17 |       |       |       ||    50
       Ration            |       |       |     2 |     2 |     2 |     2 |       |       |     1 ||     9
Armor: Scale mail        |    13 |    51 |    66 |   112 |   104 |   538 |   184 |   180 |    21 ||  1269
       Gold dragon scale |       |       |       |       |       |       |       |       |   680 ||   680
Dodge: Dodged            |    12 |    61 |    48 |   120 |    86 |   358 |   219 |   179 |   651 ||  1734
       Repelled          |       |       |       |       |       |       |     6 |    23 |    36 ||    65
Block: Kite shield       |    17 |    72 |    93 |   205 |   207 |   871 |       |       |       ||  1465
       Reflection        |       |       |       |       |       |   126 |   154 |   116 |    63 ||   459
       Tower shield      |       |       |       |       |       |   535 |  1325 |  1380 |  3357 ||  6597
       Other             |       |       |       |       |       |       |       |       |     3 ||     3
       Rpst.: Long sword |     1 |    17 |    12 |    14 |       |       |       |       |       ||    44
       Scimitar          |       |       |       |    15 |    14 |    79 |    31 |     3 |       ||   142
       Demon blade       |       |       |       |       |       |       |       |    20 |   133 ||   153
